AZL
ARIZONA (AZL) DIAMONDBACKS @ CINCINNATI (AZL) REDS
06/30/2099
 
TOP OF THE 1ST
Arizona (AZL) Diamondbacks batting - Pitching for Cincinnati (AZL) Reds : LHP Juan Urieta
Pitching: LHP Juan Urieta
Batting: RHB Jason Pena 0-0: Called Strike
0-1: Ball
1-1: Ball
2-1: Ball
3-1: Base on Balls
Batting: RHB Javier Pacheco 0-0: Ball
1-0: Ball
2-0: Called Strike
2-1: Swinging Strike
2-2: Ball
3-2: Strikes out swinging
Batting: RHB Joe Reese 0-0: Called Strike
0-1: Foul Ball, location: 2F
0-2: Ball
1-2: Foul Ball, location: 5SF
1-2: Foul Ball, location: 3SF
1-2: Foul Ball, location: 9LDF
1-2: Foul Ball, location: 2LF
1-2: 2-RUN HOME RUN (Flyball, 9D, EV 95.6 MPH), Distance : 372 ft
Batting: SHB Daniel Richardson 0-0: Ball
1-0: Ball
2-0: Ball
3-0: Called Strike
3-1: Foul Ball, location: 3DF
3-2: Foul Ball, location: 25FF
3-2: Base on Balls
Batting: LHB Jose Guerrero 0-0: Ball
1-0: DOUBLE (Line Drive, 7LD, EV 106.9 MPH)
Daniel Richardson to third
Runner from 3rd tries for Home, SAFE, throw by LF to home
Pitching: RHP Willie Luzuriaga
Batting: RHB Matt Lancaster 0-0: Called Strike
0-1: Ball
1-1: Called Strike
1-2: Ball
2-2: Ground out 6-3 (Groundball, 6, EV 82.5 MPH)
Batting: LHB Richard Alvarado 0-0: Ball
1-0: Ball
2-0: Called Strike
2-1: Ball
3-1: Base on Balls
Batting: SHB Cody Allen 0-0: Ball
1-0: Swinging Strike
1-1: SINGLE (Groundball, 56D, EV 100.6 MPH)
Jose Guerrero to third
Richard Alvarado to second
Runner from 3rd tries for Home, SAFE, throw by LF to home
Batting: LHB Merrill Wahl 0-0: Foul Ball, location: 9LSF
0-1: Called Strike
0-2: Strikes out swinging
Top of the 1st over - 4 runs, 3 hits, 0 errors, 2 left on base; Arizona (AZL) 4 - Cincinnati (AZL) 0
BOTTOM OF THE 1ST
Cincinnati (AZL) Reds batting - Pitching for Arizona (AZL) Diamondbacks : LHP Tim Furrer
Pitching: LHP Tim Furrer
Batting: SHB Willie Ruiz 0-0: Foul Ball, location: 5F
0-1: Foul Ball, location: 9LMF
0-2: Ball
1-2: Ball
2-2: Strikes out swinging
Batting: LHB Steve Anderson 0-0: Called Strike
0-1: Foul Ball, location: 7LDF
0-2: Strikes out swinging
Batting: RHB Mike Martino 0-0: Called Strike
0-1: Foul Ball, location: 3FF
0-2: Strikes out swinging
Bottom of the 1st over - 0 runs, 0 hits, 0 errors, 0 left on base; Arizona (AZL) 4 - Cincinnati (AZL) 0
TOP OF THE 2ND
Arizona (AZL) Diamondbacks batting - Pitching for Cincinnati (AZL) Reds : RHP Willie Luzuriaga
Batting: RHB Jason Pena 0-0: Ball
1-0: Ball
2-0: Ground out 4-3 (Groundball, 4, EV 101.3 MPH)
Batting: RHB Javier Pacheco 0-0: Called Strike
0-1: Foul Ball, location: 9LDF
0-2: Strikes out swinging
Batting: RHB Joe Reese 0-0: Ball
1-0: Ball
2-0: Ball
3-0: Called Strike
3-1: Base on Balls
Batting: SHB Daniel Richardson 0-0: Ball
1-0: Ball
2-0: Ball
3-0: Called Strike
3-1: SINGLE (Groundball, 15S, EV 63.1 MPH) (infield hit)
Joe Reese to second
Batting: LHB Jose Guerrero 0-0: 3-RUN HOME RUN (Flyball, 7LD, EV 92.5 MPH), Distance : 349 ft
Batting: RHB Matt Lancaster 0-0: Foul Ball, location: 7LSF
0-1: Foul Ball, location: 9LSF
0-2: Ball
1-2: Strikes out swinging
Top of the 2nd over - 3 runs, 2 hits, 0 errors, 0 left on base; Arizona (AZL) 7 - Cincinnati (AZL) 0
BOTTOM OF THE 2ND
Cincinnati (AZL) Reds batting - Pitching for Arizona (AZL) Diamondbacks : LHP Tim Furrer
Batting: RHB Willie Cortes 0-0: Ball
1-0: Called Strike
1-1: Ball
2-1: DOUBLE (Flyball, 8LXD, EV 89.4 MPH)
Batting: RHB Michael Draper 0-0: Fly out, F8 (Flyball, 8RD, EV 92.5 MPH)
Runner from 2nd tags up, SAFE at 3rd with throw by CF
Batting: RHB Ramiro Sanchez 0-0: Ball
1-0: Ball
2-0: Ball
3-0: Called Strike
3-1: SINGLE (Groundball, 56D, EV 96.3 MPH)
Willie Cortes scores
Batting: LHB Luke Jenkins 0-0: Called Strike
0-1: Fly out, F9 (Line Drive, 89M, EV 86.3 MPH)
Batting: RHB Nick Guerin 0-0: Foul Ball, location: 5FF
0-1: Swinging Strike
0-2: Strikes out swinging, 2-3 out at first.
Bottom of the 2nd over - 1 run, 2 hits, 0 errors, 1 left on base; Arizona (AZL) 7 - Cincinnati (AZL) 1
TOP OF THE 3RD
Arizona (AZL) Diamondbacks batting - Pitching for Cincinnati (AZL) Reds : RHP Willie Luzuriaga
Batting: LHB Richard Alvarado 0-0: Foul Ball, location: 5DF
0-1: Reached on error, E4 (Groundball, 4, EV 101.9 MPH)
Batting: SHB Cody Allen 0-0: Called Strike
0-1: Fly out, F8 (Flyball, 8RD, EV 83.1 MPH)
Batting: LHB Merrill Wahl Pickoff Throw to First - Error! E1
Richard Alvarado to second
0-0: Foul Ball, location: 2F
0-1: Foul Ball, location: 2F
0-2: Strikes out looking
Batting: RHB Jason Pena 0-0: TRIPLE (Line Drive, 89XD, EV 110.0 MPH)
Richard Alvarado scores
Batting: RHB Javier Pacheco 0-0: Ball
1-0: Swinging Strike
1-1: Ball
2-1: Swinging Strike
2-2: Strikes out swinging
Top of the 3rd over - 1 run, 1 hit, 2 errors, 1 left on base; Arizona (AZL) 8 - Cincinnati (AZL) 1
BOTTOM OF THE 3RD
Cincinnati (AZL) Reds batting - Pitching for Arizona (AZL) Diamondbacks : LHP Tim Furrer
Batting: LHB Pedro Puente 0-0: Called Strike
0-1: Ball
1-1: Swinging Strike
1-2: Strikes out looking
Batting: SHB Willie Ruiz 0-0: Ball
1-0: Foul Ball, location: 2F
1-1: Foul Ball, location: 2RF
1-2: SINGLE (Groundball, 34S, EV 74.4 MPH) (infield hit)
Batting: LHB Steve Anderson 0-0: Ball
1-0: Ball
2-0: Foul Ball, location: 2F
2-1: Fly out, F8 (Line Drive, 78M, EV 91.9 MPH)
Batting: RHB Mike Martino 0-0: Ball
1-0: Foul Ball, location: 9LMF
1-1: Swinging Strike
1-2: Ball
2-2: Fly out, F9 (Flyball, 9, EV 91.3 MPH)
Bottom of the 3rd over - 0 runs, 1 hit, 0 errors, 1 left on base; Arizona (AZL) 8 - Cincinnati (AZL) 1
TOP OF THE 4TH
Arizona (AZL) Diamondbacks batting - Pitching for Cincinnati (AZL) Reds : RHP Willie Luzuriaga
Batting: RHB Joe Reese 0-0: Called Strike
0-1: Foul Ball, location: 7LDF
0-2: Strikes out swinging
Batting: SHB Daniel Richardson 0-0: Ball
1-0: Ball
2-0: Called Strike
2-1: Ball
3-1: SINGLE (Groundball, 23, EV 66.9 MPH) (infield hit)
Batting: LHB Jose Guerrero 0-0: Foul Ball, location: 5FF
0-1: Ball
1-1: Called Strike
1-2: Strikes out swinging
Batting: RHB Matt Lancaster 0-0: Called Strike
0-1: Called Strike
0-2: Ball
1-2: Strikes out swinging
Top of the 4th over - 0 runs, 1 hit, 0 errors, 1 left on base; Arizona (AZL) 8 - Cincinnati (AZL) 1
BOTTOM OF THE 4TH
Cincinnati (AZL) Reds batting - Pitching for Arizona (AZL) Diamondbacks : LHP Tim Furrer
Batting: RHB Willie Cortes 0-0: Swinging Strike
0-1: Foul Ball, location: 7LSF
0-2: Ball
1-2: Strikes out looking
Batting: RHB Michael Draper 0-0: Ball
1-0: Ground out 5-3 (Groundball, 5, EV 85.6 MPH)
Batting: RHB Ramiro Sanchez 0-0: Called Strike
0-1: Ground out 1-3 (Groundball, 15S, EV 75.0 MPH)
Bottom of the 4th over - 0 runs, 0 hits, 0 errors, 0 left on base; Arizona (AZL) 8 - Cincinnati (AZL) 1
TOP OF THE 5TH
Arizona (AZL) Diamondbacks batting - Pitching for Cincinnati (AZL) Reds : RHP Willie Luzuriaga
Batting: LHB Richard Alvarado 0-0: Called Strike
0-1: Swinging Strike
0-2: Foul Ball, location: 7LDF
0-2: Ball
1-2: Ball
2-2: Ground out 6-3 (Groundball, 6, EV 100.6 MPH)
Batting: SHB Cody Allen 0-0: Ball
1-0: SINGLE (Flyball, 4D, EV 90.0 MPH)
Batting: LHB Merrill Wahl 0-0: Swinging Strike
0-1: Swinging Strike
0-2: Ball
1-2: Strikes out swinging
Pitching: LHP Clarros Cotimo
Batting: RHB Jason Pena 0-0: Ground out U3 (Groundball, 3S, EV 82.5 MPH)
Top of the 5th over - 0 runs, 1 hit, 0 errors, 1 left on base; Arizona (AZL) 8 - Cincinnati (AZL) 1
BOTTOM OF THE 5TH
Cincinnati (AZL) Reds batting - Pitching for Arizona (AZL) Diamondbacks : LHP Tim Furrer
Batting: LHB Luke Jenkins 0-0: Ball
1-0: Ball
2-0: Foul Ball, location: 7LDF
2-1: Ball
3-1: Called Strike
3-2: Strikes out swinging
Batting: RHB Nick Guerin 0-0: Swinging Strike
0-1: Foul Ball, location: 3FF
0-2: Foul Ball, location: 2F
0-2: Foul Ball, location: 2F
0-2: Ball
1-2: Foul Ball, location: 2F
1-2: Ball
2-2: Ball
3-2: Strikes out swinging
Batting: LHB Pedro Puente 0-0: Called Strike
0-1: Called Strike
0-2: Ball
1-2: Ground out 6-3 (Groundball, 56, EV 76.3 MPH)
Bottom of the 5th over - 0 runs, 0 hits, 0 errors, 0 left on base; Arizona (AZL) 8 - Cincinnati (AZL) 1
TOP OF THE 6TH
Arizona (AZL) Diamondbacks batting - Pitching for Cincinnati (AZL) Reds : LHP Clarros Cotimo
Batting: RHB Javier Pacheco 0-0: Ball
1-0: Foul Ball, location: 3FF
1-1: Fly out, F9 (Flyball, 9, EV 98.1 MPH)
Batting: RHB Joe Reese 0-0: Called Strike
0-1: Foul Ball, location: 9LMF
0-2: Ball
1-2: Ball
2-2: SINGLE (Groundball, 4, EV 92.5 MPH)
Batting: SHB Daniel Richardson 0-0: Fly out, F7 (Flyball, 7D, EV 101.3 MPH)
Batting: LHB Jose Guerrero 0-0: Ball
1-0: Ball
2-0: Ball
3-0: Called Strike
3-1: 2-RUN HOME RUN (Flyball, 9D, EV 94.4 MPH), Distance : 374 ft
Batting: RHB Matt Lancaster 0-0: Called Strike
0-1: Called Strike
0-2: Ball
1-2: Ball
2-2: Foul Ball, location: 2F
2-2: Strikes out swinging
Top of the 6th over - 2 runs, 2 hits, 0 errors, 0 left on base; Arizona (AZL) 10 - Cincinnati (AZL) 1
BOTTOM OF THE 6TH
Cincinnati (AZL) Reds batting - Pitching for Arizona (AZL) Diamondbacks : LHP Tim Furrer
Batting: SHB Willie Ruiz 0-0: Called Strike
0-1: Ball
1-1: Foul Ball, location: 9LDF
1-2: Strikes out swinging
Batting: LHB Steve Anderson 0-0: Ball
1-0: Foul Ball, location: 7LSF
1-1: Ball
2-1: Ball
3-1: Called Strike
3-2: Foul Ball, location: 2F
3-2: Foul Ball, location: 2F
3-2: Foul Ball, location: 5F
3-2: Base on Balls
Pitching: RHP Travis Gilliam
Batting: RHB Mike Martino 0-0: Ball
1-0: Ground out U3 (Groundball, 3S, EV 71.9 MPH)
Steve Anderson to second
Batting: RHB Willie Cortes 0-0: SINGLE (Groundball, 4, EV 90.0 MPH)
Steve Anderson to third
Runner from 3rd tries for Home, SAFE, throw by RF to home
Willie Cortes to second
Batting: RHB Michael Draper 0-0: Called Strike
0-1: Foul Ball, location: 2F
0-2: Ball
1-2: Strikes out looking
Bottom of the 6th over - 1 run, 1 hit, 0 errors, 1 left on base; Arizona (AZL) 10 - Cincinnati (AZL) 2
TOP OF THE 7TH
Arizona (AZL) Diamondbacks batting - Pitching for Cincinnati (AZL) Reds : LHP Clarros Cotimo
Pinch Hitting: LHB Brent Fox 0-0: Called Strike
0-1: Foul Ball, location: 3F
0-2: Strikes out swinging
Batting: SHB Cody Allen 0-0: Called Strike
0-1: Foul Ball, location: 3FF
0-2: Foul Ball, location: 2F
0-2: Strikes out swinging
Pinch Hitting: LHB Steve Farmer 0-0: Ball
1-0: Ball
2-0: SINGLE (Groundball, 3S, EV 63.8 MPH) (infield hit)
Batting: RHB Jason Pena 0-0: Ball
1-0: Swinging Strike
1-1: Foul Ball, location: 2F
1-2: Foul Ball, location: 5FF
1-2: Strikes out swinging
Top of the 7th over - 0 runs, 1 hit, 0 errors, 1 left on base; Arizona (AZL) 10 - Cincinnati (AZL) 2
BOTTOM OF THE 7TH
Cincinnati (AZL) Reds batting - Pitching for Arizona (AZL) Diamondbacks : RHP Travis Gilliam
Now in LF: Jose Guerrero
Now in CF: Brent Fox
Now in RF: Raul Garcia
Batting: RHB Ramiro Sanchez 0-0: Called Strike
0-1: SOLO HOME RUN (Flyball, 7D, EV 95.6 MPH), Distance : 367 ft
Batting: LHB Luke Jenkins 0-0: Ball
1-0: Ball
2-0: Ball
3-0: Called Strike
3-1: Foul Ball, location: 9LMF
3-2: Base on Balls
Batting: RHB Nick Guerin 0-0: Fielders Choice at 2nd, 6-4 (Groundball, 6M, EV 85.6 MPH)
Batting: LHB Pedro Puente 0-0: Swinging Strike
0-1: Foul Ball, location: 2F
0-2: Ball
1-2: Strikes out looking
Pinch Hitting: RHB Justin Flannery 0-0: Foul Ball, location: 2F
0-1: Swinging Strike
0-2: Strikes out looking
Bottom of the 7th over - 1 run, 1 hit, 0 errors, 1 left on base; Arizona (AZL) 10 - Cincinnati (AZL) 3
TOP OF THE 8TH
Arizona (AZL) Diamondbacks batting - Pitching for Cincinnati (AZL) Reds : LHP Clarros Cotimo
Now at SS: Justin Flannery
Pinch Hitting: SHB Dave Dick 0-0: Ball
1-0: Foul Ball, location: 9LDF
1-1: Ball
2-1: Ball
3-1: DOUBLE (Flyball, 78D, EV 101.9 MPH)
Pinch Hitting: RHB Robby Marshall 0-0: Ball
1-0: Called Strike
1-1: Ball
2-1: Foul Ball, location: 25F
2-2: Foul Ball, location: 25FF
2-2: Strikes out swinging
Pitching: RHP Haico Baron
Pinch Hitting: RHB Ezequiel Bos 0-0: Called Strike
0-1: Ball
1-1: Called Strike
1-2: Strikes out swinging
Batting: LHB Jose Guerrero 0-0: Called Strike
0-1: Foul Ball, location: 7LDF
0-2: Ball
1-2: Ball
2-2: Ball
3-2: Strikes out swinging
Top of the 8th over - 0 runs, 1 hit, 0 errors, 1 left on base; Arizona (AZL) 10 - Cincinnati (AZL) 3
BOTTOM OF THE 8TH
Cincinnati (AZL) Reds batting - Pitching for Arizona (AZL) Diamondbacks : RHP Travis Gilliam
Now at 2B: Robby Marshall
Now at 3B: Dave Dick
Now at SS: Juan Salinas
Batting: LHB Steve Anderson 0-0: Ball
1-0: Called Strike
1-1: Foul Ball, location: 3SF
1-2: Fly out, F8 (Flyball, 8RD, EV 97.5 MPH)
Pinch Hitting: RHB Evan Lavine 0-0: Called Strike
0-1: Ball
1-1: Ground out 4-3 (Groundball, 4, EV 81.3 MPH)
Pinch Hitting: LHB Nick Emmons 0-0: Called Strike
0-1: Ball
1-1: Fly out, F7 (Flyball, 7S, EV 95.6 MPH)
Bottom of the 8th over - 0 runs, 0 hits, 0 errors, 0 left on base; Arizona (AZL) 10 - Cincinnati (AZL) 3
TOP OF THE 9TH
Arizona (AZL) Diamondbacks batting - Pitching for Cincinnati (AZL) Reds : RHP Haico Baron
Now at 3B: Evan Lavine
Now in LF: Nick Emmons
Pinch Hitting: RHB Ricky Valdez 0-0: Ball
1-0: Called Strike
1-1: Swinging Strike
1-2: Ball
2-2: Foul Ball, location: 7LDF
2-2: Fly out, F9 (Flyball, 89S, EV 88.1 MPH)
Pinch Hitting: RHB Chris Rogers Jr. 0-0: Called Strike
0-1: Ball
1-1: Foul Ball, location: 7LSF
1-2: Fly out, F9 (Flyball, 9LM, EV 95.0 MPH)
Pinch Hitting: RHB Juan Molina 0-0: Ball
1-0: SINGLE (Groundball, 6S, EV 70.6 MPH) (infield hit)
Pinch Hitting: SHB Eric Meek 0-0: Ball
1-0: Foul Ball, location: 5FF
1-1: Swinging Strike
1-2: Foul Ball, location: 3F
1-2: Ball
2-2: Ball
3-2: Fly out, F8 (Flyball, 8LD, EV 73.8 MPH)
Top of the 9th over - 0 runs, 1 hit, 0 errors, 1 left on base; Arizona (AZL) 10 - Cincinnati (AZL) 3
BOTTOM OF THE 9TH
Cincinnati (AZL) Reds batting - Pitching for Arizona (AZL) Diamondbacks : RHP Travis Gilliam
Now at C: Danny Kovach
Now at 1B: Chris Rogers Jr.
Now in CF: Brent Porter
Now in RF: Alex Herrera
Pinch Hitting: RHB David Krisak 0-0: Ball
1-0: Foul Ball, location: 2F
1-1: Ball
2-1: DOUBLE (Line Drive, 9LM, EV 88.1 MPH)
Pinch Hitting: SHB Mike Martin 0-0: Swinging Strike
0-1: Foul Ball, location: 25F
0-2: Foul Ball, location: 2F
0-2: Ball
1-2: Strikes out swinging
Pitching: RHP Byron Stanley
Pinch Hitting: RHB Dylan Savoie 0-0: Foul Ball, location: 3F, Error on foul ball, E3
0-1: Ball
1-1: Swinging Strike
1-2: Ball
2-2: Ball
3-2: Base on Balls
Pinch Hitting: LHB Michael Beck 0-0: Called Strike
0-1: Ball
1-1: Ball
2-1: Called Strike
2-2: Foul Ball, location: 2F
2-2: Fielders Choice at 2nd, 3-6 (Groundball, 34S, EV 83.8 MPH)
David Krisak to third
Batting: RHB Alex Arredondo 0-0: Called Strike
0-1: Ball
1-1: Fielders Choice at 2nd, 5-4 (Groundball, 56, EV 100.0 MPH)
Bottom of the 9th over - 0 runs, 1 hit, 1 error, 2 left on base; Arizona (AZL) 10 - Cincinnati (AZL) 3
Friday, May 10th , 2024 - OOTP Baseball 24.11 Build 85